 Dungeon Crawl Stone Soup version 0.27-a0-1416-g941b2bd30b (webtiles) character file.

Game seed: 1300200918067108066

569 sokol815 the Digger (level 7, -5/41 HPs)
             Began as an Octopode Earth Elementalist on July 2, 2021.
             Was an Initiate of Qazlal.
             Slain by Duvessa (9 damage)
             ... on level 5 of the Dungeon.
             The game lasted 00:10:39 (4684 turns).

sokol815 the Digger (Octopode Earth Elementalist)   Turns: 4684, Time: 00:10:39

Health: -5/41      AC:  5    Str:  7    XL:     7   Next: 33%
Magic:  3/10       EV: 13    Int: 17    God:    Qazlal [......]
Gold:   171        SH:  5    Dex: 15    Spells: 6/10 levels left

rFire    . . .     SeeInvis .   l - +2 whip (flame)
rCold    . . .     Faith    +   k - +0 buckler
rNeg     . . .     Spirit   .   (helmet restricted)
rPois    .         Reflect  .   j - amulet of faith
rElec    .         Harm     .   A - +4 ring of protection
rCorr    +         Rampage  .   X - ring of resist corrosion
Will     .....                  (no ring)
Stlth    +++.......             (no ring)
HPRegen  0.13/turn              (no ring)
MPRegen  0.12/turn              (no ring)
                                (no ring)
                                (no ring)

@: lethally poisoned (-5 -> -13)
A: almost no armour, amphibious, 8 rings, camouflage 1, gelatinous body 1,
(nimble swimmer 1), tentacles
a: Renounce Religion


You were on level 5 of the Dungeon.
You worshipped Qazlal.
Qazlal was noncommittal.
You visited 1 branch of the dungeon, and saw 5 of its levels.

You collected 171 gold pieces.

Inventory:

Hand Weapons
 a - a +0 spear
   (You found it on level 1 of the Dungeon)
 c - a +0 hunting sling
   (You took it off a goblin on level 2 of the Dungeon)
 i - the +2 quarterstaff "Maerufo" {vorpal, Contam rN+ Will++}
   (You found it on level 4 of the Dungeon)

   It inflicts extra damage upon your enemies.
   rN:        It protects you from negative energy.
   Contam:    It causes magical contamination when unequipped.
   Will:      It greatly increases your willpower.
 l - a +2 whip of flaming (weapon)
   (You found it on level 3 of the Dungeon)
Missiles
 b - 17 arrows
 e - 24 poisoned darts
 f - 23 sling bullets
 s - 83 stones (quivered)
Armour
 k - a +0 buckler (worn)
   (You found it on level 2 of the Dungeon)
Magical Staves
 m - a staff of death {rN+}
   (You found it on level 3 of the Dungeon)
Jewellery
 j - an amulet of faith (around mantle)
   (You found it on level 2 of the Dungeon)
 A - a +4 ring of protection (left tentacle)
   (You took it off a kobold on level 3 of the Dungeon)
 X - a ring of resist corrosion (right tentacle)
   (You found it on level 3 of the Dungeon)
Scrolls
 D - a scroll of blinking {!r}
Potions
 d - a potion of cancellation
 g - a potion of flight {unknown}
 n - a potion of attraction {unknown}
 G - a potion of ambrosia {!q}
 J - 2 potions of curing {@q1}
 N - 3 potions of heal wounds {@q2}


   Skills:
 - Level 2.0 Dodging
 - Level 2.6 Stealth
 - Level 4.0 Shields
 - Level 2.0 Spellcasting
 + Level 4.7 Conjurations
 - Level 1.0 Transmutations
 + Level 4.9 Earth Magic


You had 6 spell levels left.
You knew the following spells:

 Your Spells              Type           Power      Damage    Failure   Level
a - Sandblast             Erth           36%        2d10      2%          1
x - Stone Arrow           Conj/Erth      36%        3d9       8%          3

Your spell library contained the following spells:

 Spells                   Type           Power      Damage    Failure   Level
 Passwall                 Tmut/Erth      9%         N/A       9%          2
 Animate Skeleton         Necr           2%         N/A       19%         1
 Apportation              Tloc           2%         N/A       19%         1
 Corona                   Hex            1%         N/A       19%         1
 Summon Small Mammal      Summ           4%         N/A       19%         1
 Call Canine Familiar     Summ           1%         N/A       50%         3
 Summon Guardian Golem    Hex/Summ       1%         N/A       50%         3
 Petrify                  Tmut/Erth      11%        N/A       50%         4
 Lee's Rapid Deconstruct  Erth           9%         3d8*      56%         5
 Borgnjor's Vile Clutch   Necr/Erth      5%         N/A       89%         5
 Alistair's Intoxication  Tmut/Pois      2%         N/A       99%         5
 Eringya's Noxious Bog    Tmut/Pois      1%         N/A       100%        6


Dungeon Overview and Level Annotations

Branches:
Dungeon (5/15)             Temple (0/1) D:4

Altars:
Qazlal

Annotations:
D:5 Dowan, Duvessa


Innate Abilities, Weirdness & Mutations

You cannot wear most types of armour.
You are amphibious.
You can wear up to eight rings at the same time.
Your skin changes colour to match your surroundings (Stealth+).
Your rubbery body absorbs attacks. (AC +1, EV +1)
((You are camouflaged near water. (Stealth+)))
You have tentacles for arms and can constrict up to eight enemies at once.


Message History

You hit the ogre. You burn the ogre. The ogre closely misses you.
You hit the ogre. You burn the ogre. You block the ogre's attack.
You hit the ogre. You burn the ogre.
You kill the ogre!
Qazlal accepts your kill.
You have reached level 7!
You regained 4 hp, and now have 30/41 hp.
Your storm dissipates completely.
You regained 7 hp, and now have 37/41 hp.
MP restored: 10
Found a stone staircase leading down.
You see here a +0 giant club.
Health restored: 41 No target in view!
A phantom comes into view.
No target in view!
No target in view!
You see here 11 gold pieces.
A phantom is nearby!
Duvessa, Sister of Dowan comes into view.
She is wielding a +3 short sword of venom.
Duvessa shouts!
You hear a shout!
Duvessa says, "My weaknesses are his strengths!"
Dowan, Brother of Duvessa comes into view.
He is wielding a +0 dagger.
There is a stone staircase leading down here.
Dowan casts a spell at you.
You are outlined in light.
Duvessa says, "Beauty is only skin deep, and my weapons penetrate much further than that."
Dowan casts a spell.
Dowan blinks!
Duvessa says, "My weaknesses are his strengths!"
Duvessa says, "My weaknesses are his strengths!"
You are no longer glowing.
There is an open door here.
There is an open door here.
Duvessa says, "Where magic fails, the sword succeeds!"
You aren't carrying any items that you can evoke without wielding.
Aim: a phantom (56% to hit)
The stone arrow misses the phantom.
You now have 7/10 mp.
Aim: a phantom (56% to hit)
The stone arrow hits the phantom!
The phantom hits you.
You take 2 damage, and have 39/41 hp.
You now have 4/10 mp.
Aim: a phantom (heavily damaged, 56% to hit)
The stone arrow hits the phantom!
You destroy the phantom!
Qazlal accepts your kill.
You now have 1/10 mp.
You aren't carrying any items that you can evoke without wielding.
Throw: throwing net {!d}
Aim: Duvessa, wielding a +3 short sword of venom and wearing a +0 ring mail (65% to hit)
You throw a throwing net {!d}. The throwing net {!d} hits Duvessa.
Duvessa is caught in the net!
Duvessa struggles against the net.
Duvessa struggles against the net.
Duvessa struggles against the net.
You hit Duvessa. You burn Duvessa. You grab Duvessa. You squeeze Duvessa.
You constrict Duvessa, but do no damage.
Duvessa says, "When magic and the sword combine, nothing stands against them."
Duvessa struggles against the net.
You hit Duvessa but do no damage.
You constrict Duvessa, but do no damage.
Duvessa struggles against the net.
You hit Duvessa but do no damage. You constrict Duvessa.
Duvessa struggles against the net.
The net rips apart, and Duvessa comes free!
You block Duvessa's attack.
You hit Duvessa but do no damage.
You constrict Duvessa, but do no damage.
You block Duvessa's attack.
You hit Duvessa but do no damage.
You constrict Duvessa, but do no damage.
Duvessa hits you with a +3 short sword of venom.
You are poisoned.
You take 5 damage, and have 35/41 hp.
You hit Duvessa but do no damage. You constrict Duvessa.
You feel very sick. Duvessa misses you.
You take 3 damage, and have 32/41 hp.
You hit Duvessa. You burn Duvessa. You squeeze Duvessa.
You constrict Duvessa, but do no damage.
You feel sick.
Duvessa hits you with a +3 short sword of venom!
You are more poisoned.
You take 11 damage, and have 21/41 hp.
MASSIVE DAMAGE!!
You hit Duvessa but do no damage. You constrict Duvessa.
You feel very sick. Duvessa misses you.
You take 4 damage, and have 17/41 hp.
Unknown command.
Unknown command.
You hit Duvessa. You burn Duvessa. You squeeze Duvessa. You constrict Duvessa.
You feel very sick.
Duvessa hits you with a +3 short sword of venom!
* * * LOW HITPOINT WARNING * * *
You hit Duvessa. You burn Duvessa. You constrict Duvessa.
* * * LOW HITPOINT WARNING * * *
You feel sick.
Duvessa hits you with a +3 short sword of venom!
You die...

#........# #...#
#........# #...#
#........# #...#
#+####### #...# #...#
#...# ##'## #e#
#@############
#.#..........#
#.#.....†....#
#.#..........#
#.'..........#
###..........#
###########..........#
#.........'.......)..#
##.########..........#


You could see Duvessa.

Vanquished Creatures
  Grinder (D:3)
  An ogre (D:5)
  A phantom (D:5)
  Blork the orc (D:4)
  An iguana (D:5)
  A hound skeleton (D:4)
  5 adders
  A dart slug (D:1)
  An orc (D:4)
  4 ball pythons
  3 endoplasms
  3 giant cockroaches
  3 goblins (D:2)
  8 hobgoblins
  8 quokkas
  3 bats
  2 frilled lizards
  7 kobolds
  6 rats
60 creatures vanquished.

Notes
Turn   | Place    | Note
-------+----------+-------------------------------------------
     0 | D:1      | sokol815 the Octopode Earth Elementalist began the quest
                  | for the Orb.
     0 | D:1      | Reached XP level 1. HP: 11/11 MP: 3/3
   338 | D:1      | Reached XP level 2. HP: 17/17 MP: 5/5
  1080 | D:2      | Reached skill level 4 in Earth Magic
  1179 | D:2      | Reached XP level 3. HP: 21/21 MP: 6/6
  1247 | D:2      | Learned a level 3 spell: Stone Arrow
  1992 | D:3      | Found a faded altar of an unknown god.
  2007 | D:3      | Found a stormy altar of Qazlal.
  2016 | D:3      | Became a worshipper of Qazlal Stormbringer
  2032 | D:3      | Reached skill level 1 in Shields
  2032 | D:3      | Reached skill level 1 in Conjurations
  2382 | D:3      | Noticed Grinder
  2516 | D:3      | Reached XP level 4. HP: 27/27 MP: 5/7
  2907 | D:3      | HP: 4/27 [Grinder/nerve-wracking pain (7)]
  2912 | D:3      | Paralysed by Grinder for 4 turns
  2918 | D:3      | Killed Grinder
  2919 | D:3      | Reached skill level 4 in Shields
  2919 | D:3      | Reached skill level 3 in Conjurations
  2919 | D:3      | Reached XP level 5. HP: 28/31 MP: 0/8
  2919 | D:3      | Reached XP level 6. HP: 32/36 MP: 0/9
  3059 | D:4      | Noticed Blork the orc
  3069 | D:4      | Killed Blork the orc
  3310 | D:4      | Identified the +2 quarterstaff "Maerufo" {vorpal, Contam
                  | rN+ Will++}
  3334 | D:4      | Found a staircase to the Ecumenical Temple.
  4099 | D:5      | Entered Level 5 of the Dungeon
  4220 | D:5      | Reached skill level 4 in Conjurations
  4445 | D:5      | Reached * piety under Qazlal
  4519 | D:5      | Reached XP level 7. HP: 30/41 MP: 8/10
  4608 | D:5      | Noticed Duvessa
  4609 | D:5      | Noticed Dowan
  4683 | D:5      | HP: 6/41 [Duvessa (8)]
  4684 | D:5      | Slain by Duvessa

Illustrated notes

Levels and vault maps discovered:
D:1:      onia_arrival_pentagram, layout_basic, kennysheep_minor_cross
D:2:      wander_river, layout_loops_ring
D:3:      layout_loops_cross, nicolae_qazlal_scattered_showers,
          shapermc_ecumenical_altar_starsandcircs, hangedman_decor_lopped,
          bh_walls_and_bars, uniq_grinder
D:4:      layout_basic, minmay_temple_entry_wispy, uniq_blork_the_orc
D:5:      layout_basic, makhleb_altar_promises_db, lemuel_crystal_altar,
          minmay_misc_feat_secret_circle, minivault_11, uniq_prince_ribbit1,
          uniq_duvessa

Skill      XL: |  1  2  3  4  5  6 |
---------------+-------------------+-----
Earth Magic    | 4 |  4.9
Shields        | 1 4 |  4.0
Conjurations   | 1 3 4 |  4.7
Dodging        | |  2.0
Stealth        | |  2.6
Spellcasting   | |  2.0
Transmutations | |  1.0

Action                   |  1- 3 |  4- 6 |  7- 9 || total
-------------------------+-------+-------+-------++-------
Melee: Unarmed           |     4 |       |       ||     4
       Spear             |    11 |       |       ||    11
       Tentacles         |     2 |     5 |     3 ||    10
       Constrict         |     2 |     3 |     1 ||     6
       Whip              |       |    24 |    10 ||    34
 Fire: Hunting sling     |    61 |    18 |       ||    79
Throw: Dart              |    36 |    14 |       ||    50
       Throwing net      |       |       |     1 ||     1
 Cast: Sandblast         |    11 |    29 |       ||    40
       Stone Arrow       |       |       |     3 ||     3
  Use: Potion            |       |     1 |       ||     1
       Scroll            |       |     5 |       ||     5
 Stab: Sleeping          |     1 |       |       ||     1
Armor: Skin              |     6 |     3 |       ||     9
Dodge: Dodged            |    22 |    19 |     2 ||    43
Block: Buckler           |       |     7 |     2 ||     9

Table legend: (Time is in decaauts)
 A = Elapsed time spent in this place.
 B = Non-inter-level travel time spent in this place.
 C = Inter-level travel time spent in this place.
 D = Time resting spent in this place.
 E = Time spent auto-exploring this place.
 F = Levels seen in this place.
 G = Mean time per level.
                   A        B        C        D        E       F      G
               +--------+--------+--------+--------+--------+-----+--------+
         Total |   4701 |   4593 |    108 |    722 |   3363 |   5 |  940.2 |
       Dungeon |   4701 |   4593 |    108 |    722 |   3363 |   5 |  940.2 |
               +--------+--------+--------+--------+--------+-----+--------+

Top non-repeatable levels by time:
     D:3: 1124 daAuts
     D:4: 1058 daAuts
     D:2: 1048 daAuts
     D:1: 883 daAuts
     D:5: 586 daAuts

Table legend:
 A = Kills in this place as a percentage of kills in entire the game.
 B = Kills by you in this place as a percentage of kills by you in the entire game.
 C = Kills by friends in this place as a percentage of kills by friends in the entire game.
 D = Other kills in this place as a percentage of other kills in the entire game.
 E = Experience gained in this place as a percentage of experience gained in the entire game.
 F = Experience gained in this place divided by the number of levels of this place that you have seen.
                   A       B       C       D       E      F
               +-------+-------+-------+-------+-------+----------------------
         Total | 100.0 | 100.0 |   N/A |   N/A | 100.0 | 162.6
       Dungeon | 100.0 | 100.0 |   N/A |   N/A | 100.0 | 162.6
               +-------+-------+-------+-------+-------+----------------------
